 Dungeon Crawl Stone Soup version 0.29-a0-845-g6161e89988 (console) character file.

Game seed: 16407355174825888757

29 jejorda2 the Cudgeller (level 3, 0/35 HPs)
             Began as a Gnoll Berserker on July 15, 2022.
             Was a Follower of Trog.
             Slain by a gnoll
             ... wielding a +0 club
              (7 damage)
             ... on level 1 of the Dungeon.
             The game lasted 00:01:30 (426 turns).

jejorda2 the Cudgeller (Gnoll Berserker)             Turns: 426, Time: 00:01:31

Health: 0/35       AC:  3    Str: 18    XL:     3   Next: 16%
Magic:  4/4        EV: 13    Int:  6    God:    Trog [*.....]
Gold:   31         SH:  0    Dex: 11    Spells: 3/3 levels left

rFire   . . .      SeeInvis .   a - +0 mace
rCold   . . .      Faith    .   (no shield)
rNeg    . . .      Spirit   .   b - +0 animal skin
rPois   .          Reflect  .   (no helmet)
rElec   .          Harm     .   f - +0 cloak
rCorr   .          Rampage  .   (no gloves)
Will    .....                   (no boots)
Stlth   +.........              (no amulet)
HPRegen 0.11/turn               (no ring)
MPRegen 0.09/turn               (no ring)

@: on berserk cooldown, flying, slowed, very slow
A: fangs 1, strong nose, distributed training
a: Renounce Religion, Berserk


You were on level 1 of the Dungeon.
You worshipped Trog.
Trog was aware of your devotion.
You visited 1 branch of the dungeon, and saw 1 of its levels.

You collected 31 gold pieces.

Inventory:

Hand Weapons
 a - a +0 mace (weapon)
Armour
 b - a +0 animal skin (worn)
 f - a +0 cloak (worn)
Scrolls
 c - a scroll of blinking {unknown}
 e - a scroll of teleportation {unknown}


   Skills:
 + Level 6.5 Fighting
 + Level 0.7 Short Blades
 + Level 0.7 Long Blades
 + Level 0.7 Axes
 + Level 6.5 Maces & Flails
 + Level 0.7 Polearms
 + Level 0.7 Staves
 + Level 0.7 Ranged Weapons
 + Level 0.7 Throwing
 + Level 4.5 Armour
 + Level 4.5 Dodging
 + Level 0.7 Stealth
 + Level 0.7 Shields
 + Level 0.7 Unarmed Combat
 + Level 0.7 Spellcasting
 + Level 0.5 Conjurations
 + Level 0.5 Hexes
 + Level 0.5 Summonings
 + Level 0.5 Necromancy
 + Level 0.5 Translocations
 + Level 0.5 Transmutations
 + Level 0.5 Fire Magic
 + Level 0.5 Ice Magic
 + Level 0.5 Air Magic
 + Level 0.5 Earth Magic
 + Level 0.5 Poison Magic
 + Level 0.9 Invocations
 + Level 0.7 Evocations


You had 3 spell levels left.
You didn't know any spells.
Your spell library was empty.

Dungeon Overview and Level Annotations

Branches:
Dungeon (1/15)

Altars:


Innate Abilities, Weirdness & Mutations

You have very sharp teeth.
Your uncanny sense of smell can sniff out nearby items.
Your experience applies equally to all skills.


Message History

You feel stronger. x2
You barely miss the quokka.
The quokka bites you but does no damage.
You closely miss the quokka.
You are no longer berserk.
You are exhausted.
You feel yourself slow down. The quokka bites you.
You miss the quokka. The quokka closely misses you. The quokka misses you.
The quokka barely misses you.
You hit the quokka but do no damage. The quokka bites you.
You completely miss the quokka.
The quokka bites you but does no damage.
The quokka misses you.
You closely miss the quokka. The quokka barely misses you.
The quokka bites you but does no damage.
You barely miss the quokka. Your bite misses the quokka.
The quokka bites you. x2
You barely miss the quokka. The quokka barely misses you.
The quokka misses you. The quokka closely misses you.
You hit the quokka. Your bite misses the quokka.
The quokka is almost dead.
The quokka misses you.
You hit the quokka but do no damage.
The quokka is almost dead.
The quokka bites you. The quokka barely misses you.
You hit the quokka but do no damage.
The quokka is almost dead.
The quokka barely misses you. x2
You hit the quokka.
You kill the quokka!
Trog accepts your kill. The gnoll hits you with a +0 club!
* * * LOW HITPOINT WARNING * * *
It was a potion of flight.
You feel very buoyant.
You fly up into the air.
The gnoll hits you with a +0 club.
* * * LOW HITPOINT WARNING * * *
You sock the gnoll!
The gnoll is heavily wounded.
The gnoll barely misses you. The gnoll hits you with a +0 club!
You die...

#..[.................
###.................###
####.######.#######..
##.######.# ......
#......##.##.##.##.
#.................. ##
#.................. ..#
#........##........
...###........##@###....
....>.........##g# ###
####.........###g#
####.#...g..g...g#
#gg..##..........#
gg#####.###....#.....
### #......###.#....
..##..## #......#
...##.## ##.....#


You could see a gnoll and 2 goblins.

Vanquished Creatures
  A gnoll (D:1)
  5 ball pythons (D:1)
  An endoplasm (D:1)
  A giant cockroach (D:1)
  4 jackals (D:1)
  A kobold (D:1)
  A quokka (D:1)
  A bat (D:1)
  2 frilled lizards (D:1)
  A rat (D:1)
18 creatures vanquished.

Notes
Turn   | Place    | Note
-------+----------+-------------------------------------------
     0 | D:1      | jejorda2 the Gnoll Berserker began the quest for the Orb.
     0 | D:1      | Reached XP level 1. HP: 23/23 MP: 1/1
   168 | D:1      | Reached XP level 2. HP: 25/29 MP: 2/2
   294 | D:1      | Found a faded altar of an unknown god.
   412 | D:1      | Reached XP level 3. HP: 35/35 MP: 2/4
   426 | D:1      | Slain by a gnoll

Illustrated notes

Levels and vault maps discovered:
D:1:      dpeg_arrival_boxorama, layout_rooms, basic_ecumenical_altar

Action                   || total
-------------------------++-------
Melee: Mace              ||    56
       Bite              ||     2
Invok: Berserk           ||     2
  Use: Potion            ||     1
Armor: Animal skin       ||    19
Dodge: Dodged            ||    58

Table legend: (Time is in decaauts)
 A = Elapsed time spent in this place.
 B = Non-inter-level travel time spent in this place.
 C = Inter-level travel time spent in this place.
 D = Time resting spent in this place.
 E = Time spent auto-exploring this place.
 F = Levels seen in this place.
 G = Mean time per level.
                   A        B        C        D        E       F      G
               +--------+--------+--------+--------+--------+-----+--------+
         Total |    441 |    441 |      0 |    131 |    161 |   1 |  441.0 |
       Dungeon |    441 |    441 |      0 |    131 |    161 |   1 |  441.0 |
               +--------+--------+--------+--------+--------+-----+--------+

Top non-repeatable levels by time:
     D:1: 441 daAuts
